 Dungeon Crawl Stone Soup version 0.30-a0-782-ge64f9170bb (webtiles) character file.

Game seed: 4672475408418050893

10 Flugkiller the Poker (level 2, 0/19 HPs)
             Began as an Octopode Wanderer on Feb 28, 2023.
             Slain by a jackal (2 damage)
             ... on level 1 of the Dungeon.
             The game lasted 00:00:30 (130 turns).

Flugkiller the Poker (Octopode Wanderer)             Turns: 130, Time: 00:00:30

Health: 0/19       AC:  1    Str: 13    XL:     2   Next: 20%
Magic:  2/2        EV: 12    Int: 14    God:
Gold:   33         SH:  0    Dex:  9    Spells: 1/1 levels left

rFire   . . .      SeeInvis .    a - +0 trident
rCold   . . .      Faith    .    (no shield)
rNeg    . . .      Spirit   .    c - +0 hat
rPois   .          Reflect  .    (no amulet)
rElec   .          Harm     .    (no ring)
rCorr   .          Rampage  .    (no ring)
Will    .....                    (no ring)
Stlth   +++                      (no ring)
HPRegen 0.23/turn                (no ring)
MPRegen 0.08/turn                (no ring)
                                 (no ring)
                                 (no ring)

@: no status effects
A: almost no armour, amphibious, 8 rings, camouflage 1, gelatinous body 1,
(nimble swimmer 1), tentacles
a: no special abilities


You were on level 1 of the Dungeon.
You visited 1 branch of the dungeon, and saw 1 of its levels.

You collected 33 gold pieces.

Inventory:

Hand Weapons
 a - a +0 trident (weapon)
Armour
 c - a +0 hat (worn)
Scrolls
 d - a scroll of poison {unknown}
 t - a scroll of teleportation
 z - a scroll of blinking
Potions
 b - a potion of curing {unknown}


   Skills:
 + Level 2.2 Fighting
 - Level 5.0 Polearms
 - Level 2.6 Stealth
 - Level 2.1 Evocations


You had one spell level left.
You didn't know any spells.
Your spell library contained the following spells:

 Spells                   Type           Power      Damage    Failure   Level
 Portal Projectile        Hex/Tloc       0%         N/A       65%         3
 Tukima's Dance           Hex            0%         N/A       65%         3
 Blade Hands              Tmut           0%         N/A       100%        5


Dungeon Overview and Level Annotations

Branches:
Dungeon (1/15) Zot: 5867

Altars:


Innate Abilities, Weirdness & Mutations

You cannot wear most types of armour.
You are amphibious.
You can wear up to eight rings at the same time.
Your skin changes colour to match your surroundings (Stealth+).
Your rubbery body absorbs attacks. (AC +1, EV +1)
((You are camouflaged when in or above water. (Stealth+)))
You have tentacles for arms and can constrict up to eight enemies at once.


Message History

You constrict the hobgoblin. The hobgoblin closely misses you.
You hit the hobgoblin but do no damage. You squeeze the hobgoblin.
You kill the hobgoblin!
Found a mace and 11 gold pieces.
Found a stone staircase leading down.
You see here a fuming pink potion.
You reach to attack!
The helpless kobold fails to defend itself.
You hit the kobold.
You kill the kobold!
You reach to attack!
You hit the dart slug but do no damage. You hit the dart slug.
You grab the dart slug.
The dart slug is moderately wounded.
You constrict the dart slug. You puncture the dart slug!
You kill the dart slug!
Your Fighting skill increases to level 2!
You have reached level 2!
You start resting.
HP restored.
Unknown command.
b - a fuming pink potion You now have 22 gold pieces (gained 13).
You see here a +0 short sword.
Found a mace.
You now have 33 gold pieces (gained 11).
There is a stone staircase leading down here.
Found a stone staircase leading down.
You pick up a book of Weapons and begin reading...
You add the spells Tukima's Dance, Portal Projectile and Blade Hands to your library.
You see here a +0 club.
Found a dagger.
d - a scroll labelled VYOMESK IZIAWN Unknown command.
A jackal comes into view.
Found a leather armour.
The jackal barks!
A jackal comes into view.
A jackal comes into view.
You see here 2 scrolls labelled WAHOFA LIYKOVA.
A kobold comes into view. It is wielding a +0 whip.
You see here 2 scrolls labelled WAHOFA LIYKOVA.
The jackal attacks as you move away! The jackal completely misses you.
A bat comes into view.
The bat moves out of view.
The jackal misses you. The jackal attacks as you move away!
The jackal barely misses you. The jackal attacks as you move away!
The jackal barely misses you. The jackal misses you.
You hit the jackal but do no damage. Your grab misses the jackal.
The jackal bites you but does no damage.
You closely miss the jackal. Your grab misses the jackal.
Your squeeze misses the jackal. The jackal bites you.
The jackal closely misses you. The jackal bites you.
The jackal closely misses you.
You barely miss the jackal. Your grab misses the jackal. The jackal bites you.
The jackal closely misses you.
You barely miss the jackal. You grab the jackal. You constrict the jackal.
The jackal bites you. The jackal closely misses you. The jackal bites you.
You puncture the jackal!
You kill the jackal!
The jackal bites you but does no damage.
The jackal bites you.
You are too injured to fight recklessly!
You are too injured to fight recklessly!
You are too injured to fight recklessly!
You are too injured to fight recklessly!
You are too injured to fight recklessly!
You are too injured to fight recklessly!
Unknown command.
You barely miss the jackal.
The jackal barks!
Your grab misses the jackal.
The jackal bites you but does no damage.
You hit the jackal but do no damage. You grab the jackal.
You constrict the jackal. The jackal barely misses you. x2
You puncture the jackal!
You kill the jackal!
The jackal bites you.
You hit the jackal. Your grab misses the jackal.
Your tentacle-slap misses the jackal.
Your squeeze misses the jackal.
The jackal is lightly wounded.
The jackal bites you.
You barely miss the jackal. Your grab misses the jackal.
The jackal is lightly wounded.
The jackal closely misses you. The jackal bites you.
You barely miss the jackal. Your grab misses the jackal.
The jackal is lightly wounded.
The jackal closely misses you.
You closely miss the jackal. You grab the jackal.
The jackal is lightly wounded.
You constrict the jackal. The jackal bites you.
* * * LOW HITPOINT WARNING * * *
The jackal bites you.
* * * LOW HITPOINT WARNING * * *
Unknown command.
You hit the jackal but do no damage.
The jackal is heavily wounded.
You constrict the jackal. The jackal bites you.
You die...

....)......................#
.....h..?..................#
..#.######.....#............
#..#..#.#..........
#..##...#..........
.#####.###.........#####
...............†...##
........h##....##......
#....###@..[..########.
..##. #...#...## .. # #
#.....##.## .. ...######.##
.# ..... ##.## .# ......
##.## .# # ....... ##.##.##.
......... ##.#.#.# ##.#.#


You could see a jackal.

Vanquished Creatures
  A dart slug (D:1)
  A ball python (D:1)
  2 hobgoblins (D:1)
  2 jackals (D:1)
  A kobold (D:1)
7 creatures vanquished.

Notes
Turn   | Place    | Note
-------+----------+-------------------------------------------
     0 | D:1      | Flugkiller the Octopode Wanderer began the quest for the
                  | Orb.
     0 | D:1      | Flugkiller set off with the following items: a +0 trident,
                  | a +0 hat, a scroll of teleportation, a scroll of blinking.
     0 | D:1      | Reached XP level 1. HP: 13/13 MP: 1/1
    34 | D:1      | Reached XP level 2. HP: 15/19 MP: 2/2
   130 | D:1      | Slain by a jackal

Illustrated notes

Levels and vault maps discovered:
D:1:      spicycebolla_arrival_xxxplode, layout_rooms,
          wad_floor_pattern_untrapped, minmay_misc_feat_five

Skill      XL: |  1 |
---------------+----+-----
Fighting       | 2 |  2.2
Polearms       | |  5.0
Stealth        | |  2.6
Evocations     | |  2.1

Action                     || total
---------------------------++-------
  Melee: Trident           ||    25
         Constrict         ||     6
         Tentacles         ||     1
   Stab: Sleeping          ||     3
 Armour: Skin              ||     3
  Dodge: Dodged            ||    16

Table legend: (Time is in decaauts)
 A = Elapsed time spent in this place.
 B = Non-inter-level travel time spent in this place.
 C = Inter-level travel time spent in this place.
 D = Time resting spent in this place.
 E = Time spent auto-exploring this place.
 F = Levels seen in this place.
 G = Mean time per level.
                   A        B        C        D        E       F      G
               +--------+--------+--------+--------+--------+-----+--------+
         Total |    131 |    131 |      0 |     16 |     56 |   1 |  131.0 |
       Dungeon |    131 |    131 |      0 |     16 |     56 |   1 |  131.0 |
               +--------+--------+--------+--------+--------+-----+--------+

Top non-repeatable levels by time:
     D:1: 131 daAuts
